 Dungeon Crawl Stone Soup version 0.30-a0-939-gc8157cb160 (webtiles) character file.

Game seed: 7443491623133401717

665 gohu the Cleaver (level 7, -4/61 HPs)
             Began as a Hill Orc Fighter on Mar 25, 2023.
             Slain by Pikel
             ... wielding a +1 whip of electrocution
              (18 damage)
             ... on level 5 of the Dungeon.
             The game lasted 00:07:39 (4344 turns).

gohu the Cleaver (Hill Orc Fighter)                 Turns: 4344, Time: 00:07:39

Health: -4/61      AC: 12    Str: 21    XL:     7   Next: 57%
Magic:  7/7        EV:  7    Int:  8    God:
Gold:   137        SH:  5    Dex: 10    Spells: 6/6 levels left

rFire   . . .      SeeInvis .    a - +0 war axe
rCold   . . .      Faith    .    c - +1 buckler
rNeg    . . .      Spirit   .    n - +0 chain mail
rPois   .          Reflect  .    (no helmet)
rElec   .          Rampage  .    A - +0 cloak
rCorr   .                        p - +0 pair of gloves
Will    .....                    (no boots) Stlth
                                 (no amulet)
HPRegen 0.30/turn                (no ring)
MPRegen 0.10/turn                (no ring)

@: about to teleport
A: no striking features
a: no special abilities


You were on level 5 of the Dungeon.
You visited 1 branch of the dungeon, and saw 6 of its levels.

You collected 235 gold pieces.
You spent 98 gold pieces at shops.

Inventory:

Hand Weapons
 a - a +0 war axe (weapon)
Missiles
 y - 2 javelins (quivered)
Armour
 b - a +0 scale mail
 c - a +1 buckler (worn)
 e - a scarf of resistance
 n - a +0 chain mail (worn)
 p - a +0 pair of gloves (worn)
 A - a +0 cloak (worn)
Jewellery
 w - a ring of fire
Wands
 B - a wand of flame (7)
Scrolls
 d - a scroll of silence
 f - a scroll of enchant weapon
 g - a scroll of magic mapping
 j - a scroll of fear
 l - 2 scrolls of vulnerability
 r - a scroll of identify
 s - a scroll of noise {unknown}
 C - a scroll of poison {unknown}
Potions
 i - 3 potions of flight {unknown}
 k - 2 potions of curing {unknown}
 m - 2 potions of haste {unknown}
 o - 2 potions of attraction {unknown}
 q - a potion of magic {unknown}
 u - a potion of degeneration {unknown}
 v - a potion of berserk rage {unknown}
 x - a potion of mutation {unknown}
 z - a potion of lignification {unknown}


   Skills:
 * Level 5.6 Fighting
 * Level 8.6 Axes
 + Level 4.9 Armour
 - Level 3.2 Shields


You had 6 spell levels left.
You didn't know any spells.
Your spell library contained the following spells:

 Spells                   Type           Power      Damage    Failure   Level
 Conjure Ball Lightning   Conj/Air       0%         3x3d6     100%        6
 Discord                  Hex            0%         N/A       100%        8
 Disjunction              Tloc           0%         N/A       100%        8


Dungeon Overview and Level Annotations

Branches:
Dungeon (6/15)
 Temple: D:4-7

Altars:
Ashenzari
Elyvilon
Qazlal

Shops:
D:4 *

Annotations:
D:5 Pikel


Message History

Pikel is nearby!
Pikel shouts!
There is an open door here.
Pikel says, "You'll make a fine lemure."
There is a stone staircase leading up, spattered with blood here.
Aiming: Throw Flame
Press: ? - help, Shift-Dir - straight line, f - Pikel
Aim: Pikel, wielding a +1 whip of electrocution and wearing a +2 robe of willpower (60% to hit)
The puff of flame hits Pikel but does no damage.
Aiming: Throw Flame
Press: ? - help, Shift-Dir - straight line, f/p - Pikel
Aim: Pikel, wielding a +1 whip of electrocution and wearing a +2 robe of willpower (60% to hit)
The puff of flame misses Pikel.
Aiming: Mindburst
Press: ? - help, Shift-Dir - straight line, f/p - Pikel
Aim: Pikel, wielding a +1 whip of electrocution and wearing a +2 robe of willpower (chance to affect: 29%) Pikel easily resists.
The now-empty wand crumbles to dust.
You barely miss Pikel.
Pikel hits you with a +1 whip of electrocution.
You slash Pikel!
Pikel is lightly wounded.
Pikel hits you but does no damage.
You closely miss Pikel.
Pikel is lightly wounded.
Pikel barely misses you.
You hit Pikel but do no damage.
Pikel is lightly wounded.
Pikel hits you with a +1 whip of electrocution.
You barely miss Pikel.
Pikel is lightly wounded.
Pikel hits you but does no damage.
You are electrocuted!
You hit Pikel.
Pikel is moderately wounded.
Pikel hits you but does no damage.
You are electrocuted!!
As you read the scroll of teleportation, it crumbles to dust.
You feel strangely unstable.
Pikel hits you with a +1 whip of electrocution!
* * * LOW HITPOINT WARNING * * *
You are electrocuted!!
You die...

### #......†... ..#
#.......... ..#
#......^... ..#
#.......... ..#
#####+####. ..#
########### #.# #. ..#
#.........# #.# #. ..#
#.[.......# #.####. ..#
#..@......# #.....# ..#
#...K(....####.....# ###
#.........'........#
######
#.........#####....#
#....# ##########'####
#.'.....
#....#####..........#
#.#.....
.....#...'..........#
#.#.....
.....#.###..........#
#.##'##. .....#.#
#.........K######.##....


You could see Pikel.

Vanquished Creatures
  A phantom (D:5)
  A lemure (D:5)
  Blork the orc (D:6)
  4 scorpions
  A howler monkey (D:4)
  A jelly (D:5)
  A hound (D:5)
  Crazy Yiuf (D:4)
  2 orc wizards (D:4)
  An adder (D:3)
  A shadow imp (D:5)
  An ufetubus (D:4)
  4 dart slugs
  7 orcs
  3 bats
  6 endoplasms
  7 giant cockroaches
  2 goblins
  4 hobgoblins
  5 jackals
  7 kobolds
  4 quokkas
  6 ball pythons
  5 frilled lizards
  8 rats
84 creatures vanquished.

Vanquished Creatures (others)
  3 lemures (D:5)
3 creatures vanquished.

Grand Total: 87 creatures vanquished

Notes
Turn   | Place    | Note
-------+----------+-------------------------------------------
     0 | D:1      | gohu the Hill Orc Fighter began the quest for the Orb.
     0 | D:1      | Reached XP level 1. HP: 19/19 MP: 1/1
   202 | D:1      | Reached skill level 3 in Axes
   220 | D:1      | Reached XP level 2. HP: 23/27 MP: 2/2
   313 | D:1      | Found a faded altar of an unknown god.
   687 | D:2      | Reached XP level 3. HP: 28/33 MP: 3/3
   879 | D:2      | Reached skill level 4 in Axes
  1737 | D:3      | Noticed an air elemental
  1749 | D:3      | Found a stormy altar of Qazlal.
  1750 | D:3      | Noticed an earth elemental
  1756 | D:3      | Noticed a fire elemental
  1796 | D:3      | Noticed a water elemental
  2025 | D:3      | Reached XP level 4. HP: 40/40 MP: 4/4
  2250 | D:3      | Found a white marble altar of Elyvilon.
  2558 | D:4      | Found Ympioram's Assorted Antiques.
  2574 | D:4      | Bought a scroll labelled PIATAU JEOGH for 26 gold pieces
  2574 | D:4      | Bought a scroll labelled HINUPS SUIRPHOU for 26 gold pieces
  2574 | D:4      | Bought a lumpy purple potion for 23 gold pieces
  2574 | D:4      | Bought a glowing white potion for 23 gold pieces
  2664 | D:5      | Entered Level 5 of the Dungeon
  2691 | D:5      | Noticed a scorpion
  2696 | D:5      | Killed a scorpion
  2697 | D:5      | Reached skill level 5 in Axes
  2697 | D:5      | Reached XP level 5. HP: 26/47 MP: 5/5
  2965 | D:4      | Reached skill level 6 in Axes
  3076 | D:4      | Reached skill level 5 in Fighting
  3076 | D:4      | Reached XP level 6. HP: 18/56 MP: 6/6
  3378 | D:4      | Found a runed translucent door.
  3379 | D:4      | Noticed Crazy Yiuf
  3391 | D:4      | Killed Crazy Yiuf
  3392 | D:4      | Reached skill level 7 in Axes
  3697 | D:5      | Reached XP level 7. HP: 58/61 MP: 7/7
  3777 | D:5      | Found a broken altar of Ashenzari.
  3907 | D:5      | Reached skill level 8 in Axes
  4064 | D:6      | Noticed Blork the orc
  4068 | D:6      | Killed Blork the orc
  4229 | D:5      | Noticed Pikel
  4344 | D:5      | Slain by Pikel

Illustrated notes

Levels and vault maps discovered:
D:1:      dpeg_arrival_solitude, layout_loops_ring,
          chequers_ecumenical_altar_simple_redux, minmay_misc_feat_tower,
          feat_on_display
D:2:      layout_loops_corners, minmay_worlds_worst_comb
D:3:      layout_basic, nicolae_qazlal_style_of_elements,
          mainiacjoe_overflow_cross_hatched
D:4:      layout_rooms, serial_shops, shop, uniq_crazy_yiuf_cottage
D:5:      layout_basic, mainiacjoe_overflow_six_doors_small,
          lemuel_flamethrower_2, uniq_pikel
D:6:      layout_basic, grunt_temple_overflow_order_and_chaos_1,
          chequers_serial_rivers_micro_c, grunt_decor_arrowhead,
          uniq_blork_the_orc, uniq_duvessa

Skill      XL: |  1  2  3  4  5  6  7 |
---------------+----------------------+-----
Axes           | 3 4 5 6 7 8 |  8.6
Fighting       | 4 5 |  5.6
Armour         | 4 |  4.9
Shields        | |  3.2

Action                     |  1- 3 |  4- 6 |  7- 9 || total
---------------------------+-------+-------+-------++-------
  Melee: War axe           |   165 |    98 |    34 ||   297
  Evoke: Wand              |       |       |     7 ||     7
    Use: Potion            |       |     1 |       ||     1
         Scroll            |       |     9 |     2 ||    11
 Armour: Scale mail        |    37 |       |       ||    37
         Chain mail        |    31 |    42 |    18 ||    91
  Dodge: Dodged            |    84 |    24 |     9 ||   117
  Block: Buckler           |    39 |    17 |     6 ||    62

Table legend: (Time is in decaauts)
 A = Elapsed time spent in this place.
 B = Non-inter-level travel time spent in this place.
 C = Inter-level travel time spent in this place.
 D = Time resting spent in this place.
 E = Time spent auto-exploring this place.
 F = Levels seen in this place.
 G = Mean time per level.
                   A        B        C        D        E       F      G
               +--------+--------+--------+--------+--------+-----+--------+
         Total |   4434 |   4224 |    210 |    353 |   2978 |   6 |  739.0 |
       Dungeon |   4434 |   4224 |    210 |    353 |   2978 |   6 |  739.0 |
               +--------+--------+--------+--------+--------+-----+--------+

Top non-repeatable levels by time:
     D:2: 1092 daAuts
     D:4: 1023 daAuts
     D:3: 833 daAuts
     D:5: 780 daAuts
     D:1: 692 daAuts
     D:6: 11 daAuts
